 Dungeon Crawl Stone Soup version 0.29-a0-632-g781b4ac09e (webtiles) character file.

Game seed: 9971509395806642769

81015 Bruhh the Severer (level 15, -4/148 HPs)
             Began as a Hill Orc Fighter on June 19, 2022.
             Was an Elder of Ashenzari.
             Slain by a spriggan rider
             ... wielding a +0 spear
              (13 damage)
             ... on level 1 of the Swamp.
             The game lasted 00:49:08 (33610 turns).

Bruhh the Severer (Hill Orc Fighter)               Turns: 33610, Time: 00:49:08

Health: -4/148     AC: 21    Str: 25    XL:     15   Next: 68%
Magic:  0/33       EV:  8    Int: 16    God:    Ashenzari [****..]
Gold:   635        SH:  4    Dex:  7    Spells: 33/42 levels left

rFire   + . .      SeeInvis +   m - +4 war axe (vorpal)
rCold   x . .      Faith    .   c - +0 buckler of Ashenzari's Servitude {Self, Cun} (curse)
rNeg    + + +      Spirit   +   R - +1 chain mail of the Minstrel {rN+++ Regen+ Int+6 Dex-3}
rPois   .          Reflect  .   l - +0 helmet of Ashenzari's Visionary {Self, Comp} (curse)
rElec   .          Harm     .   y - +0 cloak "Enlightened Chagrin" {Melee, Bglg} (curse)
rCorr   .          Rampage  .   G - +0 pair of gloves {hurl}
Will    +....      Clarity  +   Q - +0 pair of boots
Stlth   ..........              a - amulet "Profound Unpleasantness" {Spirit, Self, Elem} (curse)
HPRegen 1.14/turn               q - ring of Ashenzari's Regret {rN+, Alch, Comp} (curse)
MPRegen 0.23/turn               A - ring of the Lashed Omen {Fire, Bglg, Alch} (curse)

@: very slightly contaminated, slowed, studying Fighting, very slow
A: berserk 1
a: Renounce Religion, Curse Item, Shatter the Chains


You were on level 1 of the Swamp.
You worshipped Ashenzari.
Ashenzari was greatly pleased with you.
You visited 5 branches of the dungeon, and saw 20 of its levels.
You visited 1 bazaar.
You also visited: Bailey.

You collected 2078 gold pieces.
You spent 1443 gold pieces at shops.

Inventory:

Hand Weapons
 m - a +4 vorpal war axe (weapon)
 J - a +0 war axe of flaming
Missiles
 d - a throwing net (quivered)
Armour
 c - the cursed +0 buckler of Ashenzari's Servitude (worn) {Self, Cun}

   It has a curse which improves the following skills: Introspection: Fighting
   and Spellcasting.
   Cunning:   Dodging and Stealth.
 f - a +0 plate armour
 l - the cursed +0 helmet of Ashenzari's Visionary (worn) {Self, Comp}
   (You found it on level 1 of the Dungeon)

   It has a curse which improves the following skills: Introspection: Fighting
   and Spellcasting.
   Companions: Summonings and Necromancy.
 y - the cursed +0 cloak "Enlightened Chagrin" (worn) {Melee, Bglg}
   (You found it on level 4 of the Dungeon)

   It has a curse which improves the following skills: Melee Combat: Short
   Blades, Long Blades, Axes, Maces & Flails, Polearms, Staves and Unarmed
   Combat.
   Beguiling: Conjurations, Hexes and Translocations.
 D - a +0 ring mail of poison resistance
 G - a +0 pair of gloves of hurling (worn)
 Q - a +0 pair of boots (worn)
 R - the +1 chain mail of the Minstrel (worn) {rN+++ Regen+ Int+6 Dex-3}
   (You bought it in a shop in a bazaar)

   Int:       It affects your intelligence (+6).
   Dex:       It affects your dexterity (-3).
   rN:        It renders you almost immune to negative energy.
   Regen:     It increases your rate of health regeneration.
Jewellery
 a - the cursed amulet "Profound Unpleasantness" (around neck) {Spirit, Self, Elem}
   (You found it on level 3 of the Lair of Beasts)

   [amulet of guardian spirit]

   It causes incoming damage to be divided between your reserves of health and
   magic.
   It has a curse which improves the following skills: Introspection: Fighting
   and Spellcasting.
   Elements:  Fire Magic, Ice Magic, Air Magic and Earth Magic.
 h - an amulet of reflection
 n - a ring of protection from fire
 q - the cursed ring of Ashenzari's Regret (left hand) {rN+, Alch, Comp}
   (You found it on level 3 of the Dungeon)

   [ring of positive energy]

   rN:        It protects you from negative energy.
   It has a curse which improves the following skills: Alchemy: Poison Magic and
   Transmutations.
   Companions: Summonings and Necromancy.
 A - the cursed ring of the Lashed Omen (right hand) {Fire, Bglg, Alch}
   (You took it off an orc wizard on level 4 of the Dungeon)

   [ring of fire]

   It enhances your fire magic.
   rF:        It protects you from fire.
   rC:        It makes you vulnerable to cold.
   It has a curse which improves the following skills: Beguiling: Conjurations,
   Hexes and Translocations.
   Alchemy:   Poison Magic and Transmutations.
 K - a +4 ring of protection
 L - a ring of resist corrosion
Wands
 o - a wand of mindburst (6)
 r - a wand of flame (24)
 s - a wand of digging (7)
 t - a wand of charming (17)
 B - a wand of iceblast (5)
 F - a wand of polymorph (29)
Scrolls
 g - a scroll of magic mapping
 i - 23 scrolls of identify
 j - 2 scrolls of fear
 k - 4 scrolls of noise
 p - 6 scrolls of enchant armour
 u - 2 scrolls of blinking
 v - 2 scrolls of amnesia
 x - a scroll of immolation
 H - 2 scrolls of enchant weapon
 M - a scroll of fog
 N - 2 scrolls of poison
 O - a scroll of silence
Potions
 e - 8 potions of curing
 z - a potion of invisibility
 C - 4 potions of might
 E - 3 potions of flight
 I - a potion of heal wounds
 P - a potion of haste
Miscellaneous
 w - a box of beasts


   Skills:
 - Level 13.9(17.7) Fighting
 - Level 16.2(18.0) Axes
 + Level 14.8 Armour
 - Level 3.2 Shields
 + Level 10.1(14.0) Spellcasting
 - Level 9.0(12.0) Conjurations
 - Level 6.9(10.0) Transmutations
 - Level 4.2(7.0) Poison Magic


You had 33 spell levels left.
You knew the following spells:

 Your Spells              Type           Power      Damage    Failure   Level
a - Irradiate             Conj/Tmut      23%        3d21      10%         5
b - Olgreb's Toxic Radia  Pois           33%        N/A       19%         4

Your spell library contained the following spells:

 Spells                   Type           Power      Damage    Failure   Level
 Beastly Appendage        Tmut           86%        N/A       1%          1
 Magic Dart               Conj           100%       1d8       1%          1
 Wereblood                Tmut           43%        N/A       1%          2
 Spider Form              Tmut/Pois      38%        N/A       3%          3
 Iskenderun's Battlesphe  Conj           49%        2d10      6%          5
 Mephitic Cloud           Conj/Pois/Air  31%        N/A       7%          3
 Hailstorm                Conj/Ice       30%        3d8       26%         4
 Slow                     Hex            48%        N/A       28%         1
 Ice Form                 Ice/Tmut       27%        N/A       36%         4
 Petrify                  Tmut/Erth      27%        N/A       36%         4
 Call Imp                 Summ           12%        N/A       38%         2
 Sublimation of Blood     Necr           12%        N/A       38%         2
 Fireball                 Conj/Fire      23%        3d11      58%         5
 Confusing Touch          Hex            12%        N/A       63%         3
 Vampiric Draining        Necr           12%        2d6       63%         3
 Orb of Destruction       Conj           24%        9d9       89%         7
 Conjure Ball Lightning   Conj/Air       15%        3x3d6     99%         6
 Simulacrum               Ice/Necr       6%         N/A       100%        6
 Ozocubu's Refrigeration  Ice            5%         4d6       100%        7
 Storm Form               Tmut/Air       13%        N/A       100%        7
 Ignition                 Fire           8%         3d5       100%        8


Dungeon Overview and Level Annotations

Branches:
Dungeon (10/15)            Temple (1/1) D:5            Lair (6/6) D:8
  Swamp (1/4) Lair:4        Snake (0/4) Lair:3        Slime (0/5) Lair:5
    Orc (2/2) D:10            Elf (0/3) Orc:2        Bailey (visited)

Altars:
Ashenzari
Cheibriados
Dithmenos
Elyvilon
Fedhas
Gozag
Hepliaklqana
Kikubaaqudgha
Makhleb
Nemelex Xobeh
Okawaru
Qazlal
Ru
Sif Muna
Trog
Uskayaw
Vehumet
Wu Jian
Xom
Yredelemnul
Zin
The Shining One
Beogh
Jiyva

Shops:
D:3 (   D:5 :   Orc:1 ??[([   Orc:2 !(?=

Portals:
Pandemonium: Orc:2

Annotations:
D:5 1 runed translucent door
Lair:2 2 transporters, Gargoyl's ghost, adept GrBe
Lair:6 3 runed translucent doors, Ruvveor's ghost, journeyman OgCK


Innate Abilities, Weirdness & Mutations

You tend to lose your temper in combat.


Message History

The bog body touches you but does no damage.
You slash the bog body!
The bog body is severely damaged.
The bog body casts a spell at you. The bolt of cold hits you!!!
You feel a terrible chill!
* * * LOW HITPOINT WARNING * * *
You are too injured to fight recklessly!
Casting: Irradiate (dangerous; 10% risk of failure)
Confirm with . or Enter, or press ? or * to list all spells.
You erupt in a fountain of uncontrolled magic!
The bog body is blasted with magical radiation!!!
You destroy the bog body!
You are very lightly contaminated with residual magic.
You are engulfed in freezing vapours.
* * * LOW HITPOINT WARNING * * *
Unknown command.
A spriggan rider comes into view. It is wielding a +0 spear.
A spriggan rider is nearby!
A spriggan rider is nearby!
A spriggan rider is nearby!
You are too injured to fight recklessly!
You are too injured to fight recklessly!
You are too injured to fight recklessly!
A spriggan rider comes into view. It is wielding a +0 spear.
The spriggan rider barely misses you.
You enter the shallow water.
Moving in this stuff is going to be slow.
The spriggan rider shouts!
The spriggan rider hits you from afar with a +0 spear!
* * * LOW HITPOINT WARNING * * *
The spriggan rider hits you but does no damage.
The spriggan rider hits you from afar with a +0 spear.
* * * LOW HITPOINT WARNING * * *
The spriggan rider hits you from afar with a +0 spear!
* * * LOW HITPOINT WARNING * * *
The spriggan rider hits you but does no damage.
The spriggan rider hits you with a +0 spear.
* * * LOW HITPOINT WARNING * * *
The spriggan rider hits you with a +0 spear!
You die...

≈ ≈≈♣§≈♣.≈≈.♣♣ * ≈ ,,,
(.≈≈≈≈≈§≈.≈♣♣♣ , *, ≈
§♣.≈.≈≈♣≈≈.≈..♣♣ ** ≈
≈, , ♣..≈≈.....≈!...♣
, *≈
*♣.♣≈.§§≈≈≈≈§≈≈§♣♣ , ,
, *
*♣♣...≈.♣≈≈≈≈≈..≈.♣ ,
* * ≈
*♣≈≈..≈.≈≈≈[≈..§≈.♣ ≈
* , ,
♣..≈≈≈.i≈≈≈≈≈≈≈≈..§≈**
♣.≈♣≈♣@≈≈≈..≈≈♣≈≈.♣ ,
,* ♣..≈≈≈≈i♣♣.≈...≈.≈♣
≈ ≈≈
♣♣...§§.♣..≈♣§.≈≈♣♣ ≈
* ♣♣.♣♣♣♣♣.≈≈♣♣♣.♣♣ ,
* ♣>♣♣♣♣..... ,.♣ * *,
, * *♣ **.≈≈≈§≈ ♣ * ≈
* * *, , * §≈≈≈v ,≈ ,
≈≈{≈, , ,, , , ≈ , ≈
***


You could see 2 spriggan riders.

Vanquished Creatures
  A bunyip (Swamp:1)
  3 demonspawn
  2 boulder beetles
  7 hydras
  An alligator (Swamp:1)
  A two-headed ogre (D:10)
  A catoblepas (Lair:3)
  Erica (Lair:2)
  5 death yaks (Lair:5)
  Urug (Orc:1)
  6 orc high priests
  2 goliath frogs (Lair:6)
  A spriggan druid (Swamp:1)
  3 bog bodies
  A swamp dragon (Swamp:1)
  A lindwurm (Lair:4)
  4 orc knights (Orc:2)
  A deep elf pyromancer (D:9)
  A will-o-the-wisp (Swamp:1)
  12 orc sorcerers
  14 elephants
  Maurice (D:9)
  3 torpor snails
  3 black mambas
  A rust devil (Orc:2)
  2 orange demons (Orc:2)
  21 cane toads
  Psyche (D:10)
  An unseen horror (D:9)
  Maggie (D:9)
  4 rime drakes
  8 komodo dragons
  An ice devil (Orc:2)
  A hellwing (Orc:2)
  2 trolls
  A polar bear (Lair:6)
  3 tyrant leeches
  A hornet (D:10)
  33 blink frogs
  Grinder (D:4)
  4 dream sheep (Lair:4)
  A wraith (D:9)
  4 basilisks
  3 wyverns
  Grum (D:10)
  67 yaks
  Eustachio (D:4)
  A steam dragon (D:7)
  5 vampire mosquitoes (Lair:6)
  4 wargs
  3 nagas (Lair:3)
  13 water moccasins
  2 acid dragons (D:10)
  3 black bears
  39 orc warriors
  A sky beast (D:7)
  5 ogres
  13 centaurs
  6 wolves
  A phantom (D:6)
  25 bullfrogs
  10 scorpions
  3 necrophages
  7 wights (D:7)
  5 killer bees (D:9)
  A troll skeleton (D:9)
  3 howler monkeys
  5 spriggan skeletons (D:9)
  10 electric eels
  3 lava snakes (Lair:2)
  10 hounds
  3 jellies
  30 orc priests
  2 gnoll shamans
  4 iguanas
  16 orc wizards
  Robin (D:4)
  11 gnolls
  10 adders
  2 shadow imps
  An ufetubus (D:5)
  A worm (D:4)
  85 orcs
  7 bats
  4 endoplasms
  5 giant cockroaches
  13 goblins
  10 hobgoblins
  7 quokkas
  7 ball pythons
  2 frilled lizards (D:2)
  2 kobolds
  20 rats
660 creatures vanquished.

Vanquished Creatures (others)
  A lava snake (Lair:2)
  A bush (Lair:6)
  2 foxfires (Swamp:1)
  51 fungi
  135 plants
190 creatures vanquished.

Grand Total: 850 creatures vanquished

Notes
Turn   | Place    | Note
-------+----------+-------------------------------------------
     0 | D:1      | Bruhh the Hill Orc Fighter began the quest for the Orb.
     0 | D:1      | Reached XP level 1. HP: 19/19 MP: 1/1
    45 | D:1      | Reached skill level 3 in Axes
   159 | D:1      | Reached XP level 2. HP: 26/26 MP: 2/2
   288 | D:1      | Found a faded altar of an unknown god.
   386 | D:1      | Reached skill level 4 in Axes
  1115 | D:2      | Reached XP level 3. HP: 31/31 MP: 3/3
  1205 | D:2      | Reached skill level 5 in Axes
  1210 | D:2      | Identified the +3 dagger of Greed {freeze, rF+ rN+ Str+4}
  1575 | D:2      | Reached XP level 4. HP: 37/39 MP: 4/4
  2478 | D:3      | Found Voma's Antique Weapon Boutique.
  2770 | D:3      | Reached XP level 5. HP: 43/47 MP: 5/5
  2821 | D:4      | Noticed Robin
  2831 | D:4      | Reached skill level 6 in Axes
  2833 | D:4      | Killed Robin
  3001 | D:4      | Reached skill level 7 in Axes
  3001 | D:4      | Reached XP level 6. HP: 36/53 MP: 6/6
  3240 | D:4      | Reached skill level 8 in Axes
  3545 | D:4      | Reached skill level 9 in Axes
  3545 | D:4      | Reached XP level 7. HP: 40/60 MP: 7/7
  3945 | D:4      | Reached skill level 10 in Axes
  3975 | D:4      | Noticed Eustachio
  4256 | D:4      | Killed Eustachio
  4257 | D:4      | Reached skill level 11 in Axes
  4257 | D:4      | Reached XP level 8. HP: 30/67 MP: 8/8
  4633 | D:4      | Noticed Grinder
  4643 | D:4      | Killed Grinder
  4644 | D:4      | Reached skill level 12 in Axes
  4943 | D:5      | Entered Level 5 of the Dungeon
  5002 | D:5      | Reached skill level 5 in Fighting
  5128 | D:5      | Found Foga's Book Boutique.
  5329 | D:5      | Found a runed translucent door.
  5331 | D:5      | Found a runed translucent door.
  5541 | D:5      | Found a staircase to the Ecumenical Temple.
  5545 | D:5      | Got the Reference Book on Transformation
  5592 | Temple   | Entered the Ecumenical Temple
  5761 | Temple   | Became a worshipper of Ashenzari the Shackled
  6070 | D:5      | Reached skill level 13 in Axes
  6070 | D:5      | Reached XP level 9. HP: 40/79 MP: 9/9
  7108 | D:6      | Reached skill level 14 in Axes
  8260 | D:7      | Reached XP level 10. HP: 70/93 MP: 10/10
  8524 | D:7      | Reached skill level 10 in Fighting
  8524 | D:7      | Reached skill level 15 in Axes
  8765 | D:7      | Reached * piety under Ashenzari
  8838 | D:8      | Found a bloodstained altar of Trog.
  8912 | D:8      | Found a hazy altar of Hepliaklqana.
  8918 | D:8      | Found a flagged portal.
  8932 | Bailey   | Entered a bailey
  9498 | Bailey   | Reached skill level 16 in Axes
 10542 | Bailey   | Reached skill level 5 in Armour
 11465 | D:8      | Found a staircase to the Lair.
 11833 | D:7      | Reached ** piety under Ashenzari
 11953 | D:8      | Reached XP level 11. HP: 21/106 MP: 11/11
 12884 | Lair:1   | Entered Level 1 of the Lair of Beasts
 13102 | Lair:1   | Noticed an eight-headed hydra
 13118 | Lair:1   | Killed a one-headed hydra
 13983 | Lair:2   | Noticed Erica
 13995 | Lair:2   | Killed Erica
 14573 | Lair:2   | Noticed a four-headed hydra
 14584 | Lair:2   | Killed a one-headed hydra
 14701 | Lair:2   | Reached skill level 10 in Armour
 14705 | Lair:2   | Reached skill level 1 in Spellcasting
 14975 | Lair:2   | Found a transporter.
 14986 | Lair:2   | Noticed Gargoyl's ghost (adept GrBe)
 14991 | Lair:2   | Noticed a moth of wrath
 14999 | Lair:2   | Found a transporter.
 15001 | Lair:2   | Identified the +10 hand crossbow of Infection {venom,
                  | rCorr}
 15079 | Lair:2   | Reached XP level 12. HP: 66/116 MP: 16/18
 15090 | Lair:2   | Reached skill level 5 in Spellcasting
 15097 | Lair:2   | Identified the cursed +0 helmet of Ashenzari's Visionary
                  | {Self, Comp} (You found it on level 1 of the Dungeon)
 15839 | Lair:2   | Noticed a boulder beetle
 15847 | Lair:2   | HP: 5/119 [boulder beetle (13)]
 15856 | Lair:2   | Killed a boulder beetle
 17375 | D:5      | Bought a book of Alchemy for 392 gold pieces
 17643 | Lair:3   | Reached skill level 1 in Conjurations
 17649 | Lair:3   | Reached skill level 1 in Transmutations
 17829 | Lair:3   | Found a staircase to the Snake Pit.
 18167 | Lair:3   | Noticed a catoblepas
 18218 | Lair:3   | Killed a catoblepas
 18897 | Lair:3   | Noticed a boulder beetle
 18928 | Lair:3   | Killed a boulder beetle
 18929 | Lair:3   | Reached XP level 13. HP: 50/126 MP: 26/26
 19879 | Lair:4   | Reached *** piety under Ashenzari
 19909 | Lair:4   | Found a staircase to the Swamp.
 20103 | Lair:4   | Reached skill level 5 in Conjurations
 20257 | Lair:4   | Identified the +1 robe "Vuraeh" {+Blink}
 20299 | Lair:4   | Learned a level 5 spell: Irradiate
 20756 | Lair:4   | Reached **** piety under Ashenzari
 21415 | Lair:5   | Found a staircase to the Slime Pits.
 21869 | Lair:5   | Reached skill level 5 in Transmutations
 22601 | Lair:5   | Identified the +7 morningstar of Capital Punishment {flame,
                  | *Slow rCorr Int+4 Dex+3}
 22973 | Lair:5   | Found a runed translucent door.
 23115 | Lair:5   | Reached XP level 14. HP: 110/141 MP: 23/30
 23247 | Lair:6   | Entered Level 6 of the Lair of Beasts
 23924 | Lair:6   | Reached skill level 1 in Poison Magic
 25559 | Lair:6   | Learned a level 4 spell: Olgreb's Toxic Radiance
 26223 | Lair:6   | Identified the +0 great mace "Beetlebane" {freeze, Fly
                  | rPois Dex+3}
 26985 | Lair:6   | Noticed an azure jelly
 26991 | Lair:6   | Noticed an azure jelly
 26992 | Lair:6   | Found a runed translucent gate.
 26992 | Lair:6   | Found a runed translucent gate.
 26992 | Lair:6   | Found a runed translucent gate.
 26992 | Lair:6   | Found a viscous altar of Jiyva.
 26992 | Lair:6   | Noticed an acid blob
 26992 | Lair:6   | Noticed a rockslime
 26992 | Lair:6   | Noticed Ruvveor's ghost (journeyman OgCK)
 26992 | Lair:6   | Noticed an azure jelly
 26992 | Lair:6   | Noticed an azure jelly
 26992 | Lair:6   | Noticed an acid blob
 27708 | D:9      | Noticed Maggie
 27715 | D:9      | Killed Maggie
 27931 | D:9      | Noticed Maurice
 27937 | D:9      | Killed Maurice
 28430 | D:10     | Entered Level 10 of the Dungeon
 28529 | D:10     | Found a staircase to the Orcish Mines.
 28879 | D:10     | Noticed Psyche
 28929 | D:10     | Identified the cursed +0 cloak "Enlightened Chagrin"
                  | {Melee, Bglg} (You found it on level 4 of the Dungeon)
 28929 | D:10     | Identified the cursed +0 buckler of Ashenzari's Servitude
                  | {Self, Cun}
 28929 | D:10     | Identified the cursed ring of Ashenzari's Regret {rN+,
                  | Alch, Comp} (You found it on level 3 of the Dungeon)
 28929 | D:10     | Identified the cursed ring of the Lashed Omen {Fire, Bglg,
                  | Alch} (You took it off an orc wizard on level 4 of the
                  | Dungeon)
 28932 | D:10     | Killed Psyche
 29042 | D:10     | Noticed Grum
 29057 | D:10     | Killed Grum
 29684 | Orc:1    | Entered Level 1 of the Orcish Mines
 29713 | Orc:1    | Reached XP level 15. HP: 89/148 MP: 6/32
 29902 | Orc:1    | Found Ulaalutu's Antique Armour Shoppe.
 29906 | Orc:1    | Found Lurits's Magic Scroll Shop.
 29908 | Orc:1    | Noticed Urug
 29917 | Orc:1    | Killed Urug
 29962 | Orc:1    | Bought a pair of glowing gloves for 270 gold pieces
 30244 | Orc:1    | Found Omoig's Magic Scroll Shop.
 30249 | Orc:1    | Bought a scroll of blinking for 97 gold pieces
 30249 | Orc:1    | Bought a scroll of enchant weapon for 97 gold pieces
 30249 | Orc:1    | Bought a scroll of teleportation for 39 gold pieces
 30359 | Orc:1    | Found Sotudi's Antique Weapon Shop.
 30420 | Orc:1    | Found Bajideaq's Armour Shop.
 30647 | Orc:2    | Entered Level 2 of the Orcish Mines
 30759 | Orc:2    | Found a flickering gateway to a bazaar.
 30768 | Bazaar   | Entered a bazaar
 31041 | Bazaar   | Found Jiqin's Assorted Antiques.
 31056 | Bazaar   | Found Yggal's Armour Emporium.
 31060 | Bazaar   | Bought a +0 pair of boots for 67 gold pieces
 31076 | Bazaar   | Found Niadep's Book Shoppe.
 31076 | Bazaar   | Found Uhon's Armour Emporium.
 31080 | Bazaar   | Bought the +1 chain mail of the Minstrel {rN+++ Regen+
                  | Int+6 Dex-3} for 481 gold pieces
 31341 | Orc:2    | Found a roughly hewn altar of Beogh.
 31484 | Orc:2    | Found a staircase to the Elven Halls.
 31678 | Orc:2    | Found Waps's Magic Scroll Shoppe.
 31859 | Orc:2    | Found Cianuumm's Distillery.
 32904 | Orc:2    | Gained mutation: You tend to lose your temper in combat.
                  | [mutagenic glow]
 33103 | Orc:2    | Found a one-way gate leading to the halls of Pandemonium.
 33107 | Orc:2    | Found Onahis's Jewellery Boutique.
 33114 | Orc:2    | Found Rusiukh's Antique Weapon Shop.
 33434 | Swamp:1  | Entered Level 1 of the Swamp
 33454 | Swamp:1  | Reached skill level 10 in Spellcasting
 33610 | Swamp:1  | Slain by a spriggan rider

Illustrated notes

Levels and vault maps discovered:
D:1:      minmay_arrival_wavy_path, layout_basic, ebering_ecumenical_altar_mist
D:2:      layout_basic, minmay_pentomino_pile
D:3:      layout_rooms, serial_shops, shop, minmay_box_of_dots
D:4:      layout_gridville, minmay_rat_hole, uniq_robin, uniq_grinder,
          uniq_eustachio
D:5:      lemuel_insect_pit, layout_cave_pools, minmay_temple_entry_grid,
          serial_shops, nicolae_shop_crystal
D:6:      layout_cave_pods, minmay_door_square
D:7:      layout_loops_ring
D:8:      layout_cave_pools, mainiacjoe_overflow_tiny_flanked,
          nicolae_hepliaklqana_hazy_memory, erik_lair_island, enter_bailey_6,
          minmay_crystal_water
D:9:      layout_roguey, hangedman_tell_no_tales, uniq_maggie, uniq_maurice
D:10:     layout_gridville, david_orc_1_choice, kennysheep_potato, uniq_grum,
          uniq_psyche
Temple:   regret_index_temple_chain_breaker
Lair:1:   layout_big_grid, wad_woods_road_04
Lair:2:   layout_big_grid, gammafunk_ghost_berserking_beasts, st_stairs_3,
          nicolae_lair_liquid_snakes, grunt_megastairs_5, uniq_erica
Lair:3:   layout_chaotic_city, minmay_snake_entry_guardpost_small,
          grunt_megastairs_3
Lair:4:   layout_regular_city, skrybe_swamp_entry_bodies, columned_hall_lemuel,
          dpeg_stationary_puzzle, lemuel_fruit_tree
Lair:5:   layout_regular_city, slime_dummy, wad_woods_river_03, pf_torpor_hydra
Lair:6:   minmay_lair_end_frog_pond, layout_regular_city, gammafunk_ghost_ooze
Swamp:1:  layout_falls_marsh, evilmike_swamp_ruin_house_3
Orc:1:    layout_diamond_mine, serial_shops, shop, nicolae_square_shop,
          nicolae_shop_overgrown_old_shop, nicolae_shop_advertising_works
          [nicolae_subvault_shop_adworks], shop, uniq_urug
Orc:2:    pf_orc_diabolical, layout_caves, basic_altar, serial_shops,
          bzr_entry_lakeside

Skill      XL: |  1  2  3  4  5  6  7  8  9 10 11 12 13 14 15 |
---------------+----------------------------------------------+-----
Axes           | 3 4 5 7 9 11 13 14 16 | 16.2
Fighting       | 4 7 9 11 13 | 13.9
Armour         | 7 10 12 14 | 14.8
Spellcasting   | 4 8 9 10 | 10.1
Conjurations   | 3 7 9 |  9.0
Transmutations | 2 6 |  6.9
Poison Magic   | 4 |  4.2
Shields        | |  3.2

Action                   |  1- 3 |  4- 6 |  7- 9 | 10-12 | 13-15 || total
-------------------------+-------+-------+-------+-------+-------++-------
Melee: War axe           |    69 |       |    25 |   497 |   650 ||  1241
       Dagger            |    19 |    67 |       |       |       ||    86
       Hand axe          |       |   101 |   339 |    52 |   295 ||   787
 Cast: Irradiate         |       |       |       |       |    62 ||    62
       Olgreb's Toxic Ra |       |       |       |       |    25 ||    25
Invok: Curse Item        |       |       |     1 |     3 |     2 ||     6
Evoke: Wand              |       |       |       |    35 |     3 ||    38
  Use: Potion            |       |       |     7 |     9 |     3 ||    19
       Scroll            |       |       |    10 |     5 |     7 ||    22
Armor: Scale mail        |    57 |    83 |   102 |       |   165 ||   407
       Plate armour      |       |       |    48 |   252 |    51 ||   351
       Skin              |       |       |       |    17 |       ||    17
       Ring mail         |       |       |       |       |    70 ||    70
       Chain mail        |       |       |       |       |   119 ||   119
Dodge: Dodged            |    43 |    68 |   138 |   172 |   348 ||   769
Block: Buckler           |    14 |    31 |    63 |    92 |   168 ||   368

Table legend: (Time is in decaauts)
 A = Elapsed time spent in this place.
 B = Non-inter-level travel time spent in this place.
 C = Inter-level travel time spent in this place.
 D = Time resting spent in this place.
 E = Time spent auto-exploring this place.
 F = Levels seen in this place.
 G = Mean time per level.
                   A        B        C        D        E       F      G
               +--------+--------+--------+--------+--------+-----+--------+
         Total |  33213 |  32017 |   1196 |   1980 |  24822 |  22 | 1509.7 |
       Dungeon |  12908 |  12298 |    610 |    749 |   9798 |  10 | 1290.8 |
        Temple |    178 |    152 |     26 |      0 |    134 |   1 |  178.0 |
          Lair |  14372 |  13878 |    494 |   1074 |  10994 |   6 | 2395.3 |
         Swamp |     71 |     71 |      0 |      0 |      9 |   1 |   71.0 |
  Orcish Mines |   3190 |   3126 |     64 |     73 |   2267 |   2 | 1595.0 |
        Bazaar |    350 |    350 |      0 |      0 |    323 |   1 |  350.0 |
        Bailey |   2141 |   2141 |      0 |     84 |   1295 |   1 | 2141.0 |
               +--------+--------+--------+--------+--------+-----+--------+

Top non-repeatable levels by time:
  Lair:6: 3799 daAuts
  Lair:2: 2965 daAuts
  Lair:4: 2674 daAuts
  Lair:3: 2152 daAuts
  Bailey: 2141 daAuts
   Orc:2: 2130 daAuts
     D:4: 1881 daAuts
     D:7: 1732 daAuts
     D:8: 1628 daAuts
  Lair:5: 1555 daAuts
     D:5: 1362 daAuts
    D:10: 1249 daAuts
  Lair:1: 1224 daAuts
   Orc:1: 1059 daAuts
     D:1: 1059 daAuts
